 Dungeon Crawl Stone Soup version 0.17.2-1-ge4368a0 (console) character file.

303 Goblin1989 the Ruffian (level 6, -2/55 HPs)
             Began as a Troll Gladiator on Oct 15, 2016.
             Slain by Goblin1989's ghost (7 damage)
             ... on level 4 of the Dungeon.
             The game lasted 00:13:50 (3276 turns).

Goblin1989 the Ruffian (Troll Gladiator)            Turns: 3276, Time: 00:13:51

Health: -2/55      AC:  5    Str: 26    XL:     6   Next: 15%
Magic:  5/5        EV: 10    Int:  4    God:
Gold:   235        SH:  0    Dex: 10    Spells: 0 memorised, 5 levels left

rFire  . . .     SeeInvis .       - Unarmed
rCold  . . .     Clarity  .     a - +0 robe
rNeg   . . .     SustAt   .     (no shield)
rPois  .         Gourm    +     b - +0 hat
rElec  .         Spirit   .     (no cloak)
rCorr  .         Warding  .     (gloves unavailable)
rMut   .         Stasis   .     (boots unavailable)
MR     .....                    (no amulet)
Stlth  +.........               (no ring)
                                (no ring)

@: not resistant to hostile enchantments, very unstealthy
A: unfitting armour, claws 3, fast metabolism 3, gourmand, regeneration 2,
shaggy fur 1, tough skin 2
a: no special abilities


You were on level 4 of the Dungeon.
You were completely stuffed.

You visited 1 branch of the dungeon, and saw 4 of its levels.
You also visited: Sewer.

You collected 235 gold pieces.

Inventory:

Missiles
 Z - 3 throwing nets {=f, !d}
Armour
 a - a +0 robe (worn)
 b - a +0 hat (worn)
Jewellery
 o - an uncursed ring of positive energy {unknown}
Wands
 l - a wand of hasting (4) {!v, @v3}
Scrolls
 f - a scroll of noise {!r}
 h - a scroll of random uselessness {unknown}
 j - 2 scrolls of fear {unknown}
 q - 2 scrolls of magic mapping {unknown}
 B - a scroll of blinking
 R - a scroll of identify {@r1}
Potions
 e - a potion of invisibility {unknown}
 i - a potion of curing {unknown}
 k - 3 potions of magic
 m - a potion of agility
 n - a potion of degeneration {unknown}
Comestibles
 c - a royal jelly
 d - 5 bread rations {@e1}
 g - 2 beef jerkies
 p - 4 meat rations {@e2}
 r - a chunk of flesh {@w0}


   Skills:
 - Level 1.5 Fighting
 - Level 1.7 Throwing
 - Level 2.4 Dodging
 + Level 7.0 Unarmed Combat


You had 5 spell levels left.
You didn't know any spells.

Dungeon Overview and Level Annotations

Branches:
Dungeon (4/15)
 Temple: D:4-7

Altars:
The Shining One

Annotations:
D:4 Goblin1989's ghost, novice DsMo; Robin


Innate Abilities, Weirdness & Mutations

You are too large for most types of armour.
You have claws for hands.
Your metabolism is lightning-fast.
You like to eat raw meat.
You heal very quickly.
You are covered in fur (AC +1).
You have very tough skin (AC +2).


Message History

You scratch Goblin1989's ghost but do no damage.
Goblin1989's ghost hits you!
You take 11 damage, and have 44/55 hp.
You closely miss Goblin1989's ghost. You closely miss Goblin1989's ghost.
Your claw misses Goblin1989's ghost. Goblin1989's ghost hits you.
You take 3 damage, and have 41/55 hp.
You claw Goblin1989's ghost!
Goblin1989's ghost is moderately damaged.
Goblin1989's ghost hits you!!
You take 20 damage, and have 21/55 hp.
MASSIVE DAMAGE!!
You claw Goblin1989's ghost!
Goblin1989's ghost is heavily damaged.
Goblin1989's ghost hits you!
* * * LOW HITPOINT WARNING * * *
You take 16 damage, and have 5/55 hp.
MASSIVE DAMAGE!!
You barely miss Goblin1989's ghost.
Goblin1989's ghost is heavily damaged.
Goblin1989's ghost hits you!
You die...

ਜ.ਜਜ ਜ... ਜ..ਜ
ਜਜ... ਜ..ਜਜਜਜਜ....
ਜ..ਜ........ਜਜ
ਜ........ ਜ..ਜਜਜਜ
ਜ<...ਜ ਜ......
ਜਜ.ਜਜਜਜ ਜਜ.....
ਜਜ..ਜ ਜ....>.
ਜ.@ਜਜ ਜਜ......
ਜ.Wਜਜ ਜਜ.......
ਜਜ..ਜਜ ਜਜਜ........
ਜਜ..ਜਜਜਜ...W......
ਜ...ਜਜ...ਜਜ......
ਜਜ......ਜਜਜਜਜ..ਜ.
ਜ......ਜ ....ਜ
ਜਜ....ਜਜ ......
ਜਜ..... ......


You could see Goblin1989's ghost.

Vanquished Creatures
  A crocodile (Sewer)
  2 orc wizards (D:3)
  The ghost of Goblin1989 the Skirmisher, a weakling DsFi (D:3)
  6 adders
  3 worms
  8 giant geckos
  7 orcs (D:3)
  A ball python (D:1)
  4 giant cockroaches
  8 goblins
  11 hobgoblins
  5 bats
  5 giant newts
  2 jackals (Sewer)
  10 kobolds
  4 rats
78 creatures vanquished.

Notes
Turn   | Place    | Note
--------------------------------------------------------------
     0 | D:1      | Goblin1989 the Troll Gladiator began the quest for the Orb.
     0 | D:1      | Reached XP level 1. HP: 19/19 MP: 0/0
   465 | D:1      | Reached XP level 2. HP: 27/27 MP: 1/1
   820 | D:2      | Reached skill level 4 in Unarmed Combat
   929 | D:2      | Reached XP level 3. HP: 33/33 MP: 2/2
  1414 | D:2      | Found a glowing golden altar of the Shining One.
  1909 | D:3      | Reached skill level 5 in Unarmed Combat
  1909 | D:3      | Reached XP level 4. HP: 41/41 MP: 3/3
  2143 | D:3      | Noticed Goblin1989's ghost (weakling DsFi)
  2161 | D:3      | Killed Goblin1989's ghost
  2330 | D:3      | Reached XP level 5. HP: 37/48 MP: 4/4
  2334 | D:3      | Reached skill level 6 in Unarmed Combat
  2486 | D:3      | Found a glowing drain.
  2504 | Sewer    | Entered a sewer
  2597 | Sewer    | Reached XP level 6. HP: 24/55 MP: 5/5
  3168 | D:3      | Reached skill level 7 in Unarmed Combat
  3181 | D:4      | Noticed Robin
  3246 | D:4      | Noticed Goblin1989's ghost (novice DsMo)
  3276 | D:4      | Slain by Goblin1989's ghost

Action                   |  1- 3 |  4- 6 || total
-------------------------+-------+-------++-------
Melee: Unarmed           |    88 |   143 ||   231
  Use: Scroll            |     7 |       ||     7
       Potion            |       |     1 ||     1
 Stab: Sleeping          |     2 |       ||     2
  Eat: Chunk             |    15 |    21 ||    36

Vault maps used:
D:1:      zelgadis_glass_arrival_small
D:2:      nicolae_tso_carved_into_rock, minmay_fountain_box
D:3:      gup_sewer_entry_bubbles
D:4:      first_bread, grunt_decor_resistance, minivault_24,
          serial_bayou_pond_d, uniq_robin
Sewer:    sewer_the_crocodile
